 Dungeon Crawl Stone Soup version 0.31.0-11-ge490571c62 (webtiles) character file.

Game seed: 5748938987749691795

26161 qw the Spry (level 12, -1/61 HPs)
             Began as a Spriggan Hunter on Feb 4, 2024.
             Was a High Priest of Okawaru.
             Succumbed to a hornet's poison
             ... on level 4 of the Lair of Beasts.
             The game lasted 00:01:17 (9736 turns).

qw the Spry (Spriggan Hunter)                       Turns: 9736, Time: 00:01:18

Health: -1/61      AC:  6    Str:  7    XL:     12   Next: 95%
Magic:  20/20      EV: 39    Int: 11    God:    Okawaru [*****.]
Gold:   759        SH:  0    Dex: 29    Spells: 11/11 levels left

rFire   . . .        v - +9 arbalest of Ageing Execution {heavy, rN++ Will-}
rCold   . . .        (shield currently unavailable)
rNeg    + + .        c - +0 robe
rPois   .            (helmet restricted)
rElec   .            (no cloak)
rCorr   .            (gloves unavailable)
SInv    +            (boots unavailable)
Will    +....        f - amulet of faith
Stlth   +++          d - +4 ring of protection
HPRegen 0.30/turn    i - +6 ring of dexterity
MPRegen 0.17/turn

%: faith
@: lethally poisoned (-1 -> -33), about to teleport, slowed, quick
A: very small, no large weapons, unfitting armour, see invisible, speed 3
a: Renounce Religion, Heroism, Finesse, Duel


You were on level 4 of the Lair of Beasts.
You worshipped Okawaru.
Okawaru was extremely pleased with you.
You visited 3 branches of the dungeon, and saw 13 of its levels.

You collected 849 gold pieces.
You spent 90 gold pieces at shops.


Innate Abilities, Weirdness & Mutations

You are very small and have problems with some larger weapons.
You are too small for most types of armour.
You have supernaturally acute eyesight. (SInv)
You cover ground extremely quickly. (Speed+++)


   Skills:
 - Level 6.0 Fighting
 - Level 14.0 Ranged Weapons
 + Level 16.7 Dodging
 - Level 1.5 Stealth
 + Level 9.9 Invocations


You had 11 spell levels left.
You didn't know any spells.
Your spell library was empty.

Inventory:

Hand Weapons
 v - the +9 arbalest of Ageing Execution (weapon) {heavy, rN++ Will-}
   (You found it on level 8 of the Dungeon)

   rN++:      It greatly protects you from negative energy.
   Will-:     It decreases your willpower.
Armour
 c - a +0 robe (worn)
Jewellery
 a - a ring of protection from fire
 d - a +4 ring of protection (left hand)
 f - an amulet of faith (around neck)
 i - a +6 ring of dexterity (right hand)
Wands
 e - a wand of roots (12)
 k - a wand of quicksilver (2)
 p - a wand of polymorph (13)
Scrolls
 b - 5 scrolls of enchant armour
 g - a scroll of enchant weapon
Potions
 h - a potion of haste
 j - 4 potions of curing
 l - 2 potions of enlightenment
 m - 2 potions of heal wounds
 q - a potion of cancellation {unknown}
 u - 3 potions of might

Dungeon Overview and Level Annotations

Branches:
Dungeon (8/15)             Temple (1/1) D:6            Lair (4/5) D:8
 Shoals (0/4) Lair:2       Spider (0/4) Lair:3
  Slime: Lair:4-5

Altars:
Ashenzari
Cheibriados
Dithmenos
Elyvilon
Fedhas
Gozag
Hepliaklqana
Makhleb
Nemelex Xobeh
Okawaru
Qazlal
Sif Muna
Trog
Vehumet
Wu Jian
Xom
Yredelemnul
Zin
The Shining One

Shops:
D:3 ?

Annotations:
D:6 exclusion: moth of wrath


Message History

The hornet closely misses you. x2; The hornet completely misses you.
You shoot a bolt. The bolt closely misses the hornet.
You hear an angry buzzing noise.
The hornet completely misses you. x2
You shoot a bolt. The bolt hits the hornet!!
The hornet is almost dead.
You hear an angry buzzing noise.
The hornet misses you.
The hornet stings you but does no damage.
The hornet completely misses you.
You shoot a bolt. The bolt barely misses the hornet.
The hornet stings you.
You are poisoned.
You suddenly lose the ability to move!
The hornet stings you.
You are more poisoned.
You feel yourself slow down.
The hornet stings you but does no damage.
The hornet stings you.
You feel as though you will be slow longer.
The hornet stings you.
You are more poisoned.
You feel as though you will be slow longer.
The hornet barely misses you.
You feel extremely sick.
The hornet stings you but does no damage.
The hornet stings you.
You feel as though you will be slow longer.
You feel extremely sick. The hornet stings you!
You are more poisoned.
You feel as though you will be slow longer.
The hornet stings you but does no damage.
The hornet barely misses you. The hornet stings you!
You feel as though you will be slow longer.
You can move again.
9736 ||| READING scroll of teleportation.
As you read the scroll of teleportation, it crumbles to dust.
You feel strangely unstable.
You hear the slow rumble of a distant avalanche of rocks.
You die...

#..#. #. .#... .#
#y#..## #. .##.PP# .#
#.#..P. . #. .##.P# ...
#.#.#...##
.....##y##....##
.......y@......##
................## ##
.................# .#
.................##
..##.............?..#.#
##..##................##
#....##...............#
#.....#####.....##.####
#.....#.# #..[.#####


You could see 2 hornets.

Vanquished Creatures
  Erica (Lair:1)
  A catoblepas (Lair:1)
  A two-headed ogre (D:8)
  A death yak (Lair:2)
  Sonja (Lair:1)
  Pikel (D:8)
  An ugly thing (D:8)
  3 cyclopes (D:8)
  3 manticores
  A gargoyle (D:7)
  6 cane toads
  3 torpor snails
  An unseen horror (D:8)
  6 komodo dragons
  2 hornets
  Prince Ribbit (D:7)
  12 blink frogs
  3 polar bears
  Sigmund (D:4)
  A shadow (D:8)
  21 yaks
  A wraith (D:8)
  Eustachio (D:5)
  3 wyverns
  2 basilisks (Lair:1)
  A vampire mosquito (D:8)
  2 redbacks (Lair:3)
  6 humans
  10 water moccasins
  4 ice beasts
  3 orc warriors (D:8)
  A sky beast (D:6)
  4 centaurs
  22 wolves
  2 lemures (D:8)
  9 bullfrogs
  A gnoll sergeant (D:7)
  3 scorpions
  7 wights
  A killer bee (D:8)
  An electric eel (Lair:3)
  A howler monkey (D:5)
  7 bombardier beetles
  A crimson imp (D:8)
  5 hounds
  4 orc priests
  A jelly (D:8)
  3 iguanas
  Natasha (thrice) (D:4)
  12 orc wizards
  A sleepcap (D:5)
  7 gnolls
  7 adders
  2 shadow imps (D:6)
  5 white imps
  2 ufetubi (D:6)
  2 ribbon worms
  5 dart slugs
  27 orcs
  5 ball pythons
  6 endoplasms
  3 giant cockroaches
  7 goblins
  4 hobgoblins
  9 jackals
  7 kobolds
  2 quokkas (D:1)
  4 bats
  A frilled lizard (D:3)
  7 rats
305 creatures vanquished.

Notes
Turn   | Place    | Note
-------+----------+-------------------------------------------
     0 | D:1      | qw the Spriggan Hunter began the quest for the Orb.
     0 | D:1      | Reached XP level 1. HP: 10/10 MP: 2/2
     0 | D:1      | 0 ||| qw: Version: 0.3-a-160-g6735b56
     0 | D:1      | 0 ||| qw: Game counter: 5052
     0 | D:1      | 0 ||| qw: Melee chars always use a shield: true
     0 | D:1      | 0 ||| qw: God list: Okawaru
     0 | D:1      | 0 ||| qw: Allow faded altars: false
     0 | D:1      | 0 ||| qw: Do Orc after clearing Dungeon:15 true
     0 | D:1      | 0 ||| qw: Do second Lair branch before Depths: true
     0 | D:1      | 0 ||| qw: Lair rune preference: random
     0 | D:1      | 0 ||| qw: Goals: Normal
     0 | D:1      | 0 ||| PLANNING D:1-11
    86 | D:1      | Reached skill level 3 in Dodging
   118 | D:1      | Reached XP level 2. HP: 14/14 MP: 3/3
   160 | D:1      | Reached skill level 4 in Dodging
   546 | D:1      | Reached XP level 3. HP: 18/18 MP: 4/4
   584 | D:1      | 584 ||| READING scroll labelled NALASORRAY.
   584 | D:1      | 584 ||| ENCHANTING +0 shortbow.
   585 | D:1      | 585 ||| READING scroll labelled YMESOGY MAINA.
   586 | D:1      | 586 ||| READING scroll labelled HIJEXK GEDERE.
   587 | D:1      | 587 ||| READING scroll labelled DUTESEYREG.
   588 | D:1      | 588 ||| DROPPING scroll of butterflies.
   802 | D:2      | Reached XP level 4. HP: 22/22 MP: 5/5
  1145 | D:2      | 1145 ||| UPGRADING to +4 ring of protection.
  1146 | D:2      | 1146 ||| READING scroll labelled VYPRAF JAODUI.
  1146 | D:2      | 1146 ||| IDENTIFYING blue potion
  1170 | D:3      | Found Tiope's Magic Scroll Shoppe.
  1179 | D:3      | 1179 ||| BUYING scroll of enchant armour (90 gold).
  1179 | D:3      | Bought a scroll of enchant armour for 90 gold pieces
  1179 | D:3      | 1179 ||| SHOPLISTING scroll of enchant weapon (90 gold,
                  | have 4).
  1179 | D:3      | 1179 ||| SHOPLISTING scroll of identify (24 gold, have 4).
  1179 | D:3      | 1179 ||| SHOPLISTING scroll of teleportation (36 gold, have
                  | 4).
  1202 | D:3      | You fall into a shaft and drop 2 floors!
  1202 | D:5      | Entered Level 5 of the Dungeon
  1228 | D:5      | 1228 ||| READING scroll labelled TEEJIOZIEVO.
  1230 | D:5      | 1230 ||| Stepping ~*~*~tactically~*~*~ (cloud).
  1238 | D:5      | HP: 5/22 [poisoned by you (poison gas)]
  1346 | D:4      | Noticed an ice beast
  1356 | D:4      | Killed an ice beast
  1357 | D:4      | Reached skill level 6 in Dodging
  1357 | D:4      | Reached XP level 5. HP: 25/25 MP: 6/6
  1570 | D:4      | Reached XP level 6. HP: 30/30 MP: 7/7
  1607 | D:4      | Reached skill level 6 in Ranged Weapons
  1722 | D:3      | 1722 ||| DRINKING metallic clear potion.
  1727 | D:3      | HP: 7/30 [adder (1)]
  1728 | D:3      | 1728 ||| DRINKING potion of heal wounds.
  1824 | D:3      | Reached XP level 7. HP: 29/35 MP: 8/8
  2006 | D:3      | Reached skill level 7 in Dodging
  2071 | D:3      | 2071 ||| SWAPPING to +0 orcbow.
  2072 | D:3      | 2072 ||| DROPPING +0 shortbow.
  2151 | D:3      | Found a sparkling altar of Nemelex Xobeh.
  2202 | D:3      | 2202 ||| FLEEEEING.
  2203 | D:3      | 2203 ||| FLEEEEING.
  2204 | D:3      | 2204 ||| FLEEEEING.
  2205 | D:3      | 2205 ||| FLEEEEING.
  2206 | D:3      | 2206 ||| FLEEEEING.
  2207 | D:3      | 2207 ||| FLEEEEING.
  2209 | D:3      | 2209 ||| FLEEEEING.
  2210 | D:3      | 2210 ||| FLEEEEING.
  2211 | D:3      | 2211 ||| FLEEEEING.
  2213 | D:3      | 2213 ||| FLEEEEING.
  2341 | D:3      | Found a shadowy altar of Dithmenos.
  2413 | D:3      | Found a hazy altar of Hepliaklqana.
  2528 | D:3      | 2528 ||| DRINKING 2 fuming golden potions.
  2529 | D:3      | 2529 ||| DROPPING potion of magic.
  2715 | D:4      | Noticed Sigmund
  2723 | D:4      | Killed Sigmund
  2728 | D:4      | 2728 ||| FLEEEEING.
  2729 | D:4      | 2729 ||| FLEEEEING.
  2804 | D:4      | Noticed Natasha
  2809 | D:4      | Killed Natasha
  3004 | D:4      | Noticed Natasha
  3015 | D:4      | Killed Natasha
  3074 | D:4      | Noticed Natasha
  3081 | D:4      | Killed Natasha
  3082 | D:4      | Reached skill level 3 in Fighting
  3082 | D:4      | Reached XP level 8. HP: 39/40 MP: 9/9
  3134 | D:4      | 3134 ||| DROPPING amulet of magic regeneration.
  3135 | D:4      | 3135 ||| UPGRADING to +6 ring of dexterity.
  3345 | D:5      | Reached skill level 8 in Dodging
  3528 | D:5      | 3528 ||| FLEEEEING.
  3529 | D:5      | 3529 ||| FLEEEEING.
  3567 | D:5      | Noticed Eustachio
  3571 | D:5      | 3571 ||| RETREEEEATING.
  3575 | D:5      | 3575 ||| RETREEEEATING.
  3576 | D:5      | 3576 ||| RETREEEEATING.
  3577 | D:5      | 3577 ||| RETREEEEATING.
  3583 | D:5      | Reached skill level 9 in Dodging
  3619 | D:5      | Killed Eustachio
  3778 | D:5      | 3778 ||| READING scroll labelled ASMAOMM RIR YGOU.
  3847 | D:6      | Reached skill level 9 in Ranged Weapons
  3861 | D:6      | Found a staircase to the Ecumenical Temple.
  3862 | D:6      | 3862 ||| PLANNING TEMPLE
  3880 | Temple   | Entered the Ecumenical Temple
  3881 | Temple   | 3881 ||| PLANNING D:1-11
  4108 | D:6      | Reached skill level 10 in Dodging
  4116 | D:6      | Found a blossoming altar of Fedhas.
  4134 | D:6      | Reached XP level 9. HP: 42/44 MP: 10/10
  4387 | D:6      | Noticed a moth of wrath
  4390 | D:6      | Found a bloodstained altar of Trog.
  4497 | D:6      | 4497 ||| READING scroll labelled KOANGU BOP ZOAV.
  4498 | D:6      | 4498 ||| DROPPING wand of flame (37).
  4667 | D:7      | Reached skill level 11 in Dodging
  4760 | D:7      | Noticed a gargoyle
  4761 | D:7      | 4761 ||| RETREEEEATING.
  4762 | D:7      | 4762 ||| RETREEEEATING.
  4763 | D:7      | 4763 ||| RETREEEEATING.
  4764 | D:7      | 4764 ||| ZAPPING wand of quicksilver (18) at 5,-5
                  | (gargoyle; floor).
  4765 | D:7      | 4765 ||| RETREEEEATING.
  4766 | D:7      | 4766 ||| RETREEEEATING.
  4767 | D:7      | 4767 ||| ZAPPING wand of quicksilver (17) at 5,-5
                  | (gargoyle; floor).
  4768 | D:7      | 4768 ||| RETREEEEATING.
  4770 | D:7      | 4770 ||| ZAPPING wand of quicksilver (16) at 4,-3
                  | (gargoyle; floor).
  4770 | D:7      | Noticed a manticore
  4771 | D:7      | 4771 ||| ZAPPING wand of quicksilver (15) at 7,-6
                  | (manticore; floor).
  4772 | D:7      | 4772 ||| ZAPPING wand of quicksilver (14) at 6,-5
                  | (manticore; floor).
  4773 | D:7      | 4773 ||| ZAPPING wand of quicksilver (13) at 3,-2
                  | (gargoyle; floor).
  4774 | D:7      | 4774 ||| ZAPPING wand of quicksilver (12) at 2,-1
                  | (gargoyle; floor).
  4774 | D:7      | Killed a gargoyle
  4780 | D:7      | 4780 ||| ZAPPING wand of quicksilver (11) at 1,-1
                  | (manticore; floor).
  4781 | D:7      | 4781 ||| ZAPPING wand of quicksilver (10) at 1,-1
                  | (manticore; floor).
  4782 | D:7      | 4782 ||| ZAPPING wand of quicksilver (9) at 1,-1
                  | (manticore; floor).
  4782 | D:7      | Killed a manticore
  4783 | D:7      | Reached skill level 12 in Dodging
  4873 | D:7      | 4873 ||| RETREEEEATING.
  4876 | D:7      | 4876 ||| RETREEEEATING.
  4878 | D:7      | 4878 ||| RETREEEEATING.
  4970 | D:7      | Noticed Prince Ribbit
  4977 | D:7      | Killed Prince Ribbit
  5123 | D:7      | Found an iron altar of Okawaru.
  5124 | D:7      | 5124 ||| PLANNING OKAWARU WORSHIP
  5124 | D:7      | 5124 ||| READING 2 scrolls of identify.
  5124 | D:7      | 5124 ||| IDENTIFYING puce potion
  5125 | D:7      | 5125 ||| READING scroll of identify.
  5125 | D:7      | 5125 ||| IDENTIFYING black potion
  5126 | D:7      | 5126 ||| READING scroll labelled PASAIM PIMO.
  5227 | D:7      | 5227 ||| READING scroll labelled IBUNUZX VUDEPN.
  5231 | D:7      | 5231 ||| DROPPING potion of berserk rage.
  5232 | D:7      | 5232 ||| DROPPING potion of invisibility.
  5272 | D:7      | Reached XP level 10. HP: 36/49 MP: 11/11
  5319 | D:7      | Became a worshipper of Warmaster Okawaru
  5320 | D:7      | 5320 ||| PLANNING D:1-11
  5576 | D:7      | Found a radiant altar of Vehumet.
  5602 | D:7      | 5602 ||| DRINKING 2 sapphire potions.
  5692 | D:8      | Found a staircase to the Lair.
  5758 | D:8      | Reached skill level 13 in Dodging
  5811 | D:8      | 5811 ||| SWAPPING to +0 arbalest.
  5812 | D:8      | 5812 ||| DROPPING +0 orcbow.
  5844 | D:8      | Found a burning altar of Makhleb.
  5969 | D:8      | Noticed Pikel
  5972 | D:8      | 5972 ||| RETREEEEATING.
  5974 | D:8      | 5974 ||| RETREEEEATING.
  5975 | D:8      | 5975 ||| RETREEEEATING.
  5977 | D:8      | 5977 ||| RETREEEEATING.
  5978 | D:8      | 5978 ||| RETREEEEATING.
  5980 | D:8      | 5980 ||| ZAPPING wand of quicksilver (8) at 3,4 (Pikel;
                  | floor).
  5981 | D:8      | 5981 ||| ZAPPING wand of quicksilver (7) at 3,4 (Pikel;
                  | floor).
  5982 | D:8      | 5982 ||| ZAPPING wand of quicksilver (6) at 2,3 (Pikel;
                  | floor).
  5983 | D:8      | 5983 ||| ZAPPING wand of quicksilver (5) at 1,2 (Pikel;
                  | floor).
  5984 | D:8      | 5984 ||| ZAPPING wand of quicksilver (4) at 0,2 (Pikel;
                  | floor).
  5985 | D:8      | 5985 ||| ZAPPING wand of quicksilver (3) at 0,1 (Pikel;
                  | floor).
  5985 | D:8      | Killed Pikel
  5985 | D:8      | Reached * piety under Okawaru
  6158 | D:8      | Reached skill level 1 in Invocations
  6168 | D:8      | Noticed a green ugly thing
  6168 | D:8      | Noticed a manticore
  6169 | D:8      | 6169 ||| RETREEEEATING.
  6170 | D:8      | 6170 ||| INVOKING Heroism.
  6173 | D:8      | Killed a green ugly thing
  6174 | D:8      | Reached skill level 12 in Ranged Weapons
  6181 | D:8      | Killed a manticore
  6182 | D:8      | Reached skill level 3 in Invocations
  6186 | D:8      | Reached ** piety under Okawaru
  6194 | D:8      | Noticed a cyclops
  6195 | D:8      | 6195 ||| INVOKING Heroism.
  6199 | D:8      | Killed a cyclops
  6312 | D:8      | Noticed a cyclops
  6313 | D:8      | 6313 ||| INVOKING Heroism.
  6319 | D:8      | Killed a cyclops
  6320 | D:8      | Reached skill level 14 in Dodging
  6330 | D:8      | Identified the +9 arbalest of Ageing Execution {heavy, rN++
                  | Will-}
  6332 | D:8      | 6332 ||| SWAPPING to +9 arbalest of Ageing Execution
                  | {heavy, rN++ Will-}.
  6333 | D:8      | 6333 ||| DROPPING +0 arbalest.
  6384 | D:8      | 6384 ||| INVOKING Heroism.
  6386 | D:8      | Reached XP level 11. HP: 38/53 MP: 12/15
  6498 | D:8      | Noticed a two-headed ogre
  6499 | D:8      | 6499 ||| INVOKING Heroism.
  6503 | D:8      | Killed a two-headed ogre
  6557 | D:8      | 6557 ||| UPGRADING to amulet of faith.
  6605 | D:8      | Reached *** piety under Okawaru
  6654 | D:8      | Reached skill level 15 in Dodging
  6775 | D:8      | 6775 ||| PLANNING LAIR
  6775 | D:8      | 6775 ||| READING 3 scrolls of identify.
  6775 | D:8      | 6775 ||| IDENTIFYING golden potion
  6776 | D:8      | 6776 ||| READING 2 scrolls of identify.
  6776 | D:8      | 6776 ||| IDENTIFYING ruby potion
  6777 | D:8      | 6777 ||| READING scroll of identify.
  6777 | D:8      | 6777 ||| IDENTIFYING viscous pink potion
  6778 | D:8      | 6778 ||| READING 2 scrolls labelled PILIPLILOWK.
  6779 | D:8      | 6779 ||| READING scroll labelled UVVOUHIOHE.
  6780 | D:8      | 6780 ||| READING scroll labelled HEUGEO ISTOJ.
  6852 | D:8      | 6852 ||| READING scroll labelled YJOULO VUMOFE.
  6853 | D:8      | 6853 ||| DRINKING 2 fuming coppery potions.
  6854 | D:8      | 6854 ||| DRINKING 4 fizzy dark potions.
  6855 | D:8      | 6855 ||| DROPPING potion of ambrosia.
  6856 | D:8      | 6856 ||| DROPPING potion of brilliance.
  6857 | D:8      | 6857 ||| DROPPING potion of degeneration.
  6858 | D:8      | 6858 ||| DROPPING potion of attraction.
  6859 | D:8      | 6859 ||| DROPPING scroll of blinking.
  6904 | Lair:1   | Entered Level 1 of the Lair of Beasts
  6905 | Lair:1   | Noticed Erica
  6906 | Lair:1   | 6906 ||| INVOKING Heroism.
  6909 | Lair:1   | 6909 ||| RETREEEEATING.
  6910 | Lair:1   | 6910 ||| RETREEEEATING.
  6915 | Lair:1   | Killed Erica
  7089 | Lair:1   | 7089 ||| RETREEEEATING.
  7090 | Lair:1   | 7090 ||| INVOKING Heroism.
  7196 | Lair:1   | Reached **** piety under Okawaru
  7386 | Lair:1   | 7386 ||| RETREEEEATING.
  7387 | Lair:1   | 7387 ||| RETREEEEATING.
  7388 | Lair:1   | 7388 ||| RETREEEEATING.
  7389 | Lair:1   | 7389 ||| RETREEEEATING.
  7390 | Lair:1   | 7390 ||| RETREEEEATING.
  7391 | Lair:1   | 7391 ||| RETREEEEATING.
  7392 | Lair:1   | 7392 ||| RETREEEEATING.
  7393 | Lair:1   | 7393 ||| RETREEEEATING.
  7394 | Lair:1   | 7394 ||| RETREEEEATING.
  7395 | Lair:1   | 7395 ||| RETREEEEATING.
  7396 | Lair:1   | 7396 ||| RETREEEEATING.
  7397 | Lair:1   | 7397 ||| RETREEEEATING.
  7398 | Lair:1   | 7398 ||| RETREEEEATING.
  7400 | Lair:1   | 7400 ||| RETREEEEATING.
  7405 | Lair:1   | 7405 ||| RETREEEEATING.
  7406 | Lair:1   | 7406 ||| RETREEEEATING.
  7407 | Lair:1   | 7407 ||| RETREEEEATING.
  7408 | Lair:1   | 7408 ||| RETREEEEATING.
  7409 | Lair:1   | 7409 ||| RETREEEEATING.
  7410 | Lair:1   | 7410 ||| RETREEEEATING.
  7412 | Lair:1   | 7412 ||| RETREEEEATING.
  7433 | Lair:1   | Reached ***** piety under Okawaru
  7513 | Lair:1   | Noticed Sonja
  7515 | Lair:1   | 7515 ||| INVOKING Finesse.
  7519 | Lair:1   | Killed Sonja
  7520 | Lair:1   | Reached skill level 16 in Dodging
  7520 | Lair:1   | Reached skill level 6 in Invocations
  7572 | Lair:1   | Noticed a catoblepas
  7573 | Lair:1   | 7573 ||| INVOKING Finesse.
  7574 | Lair:1   | 7574 ||| INVOKING Finesse.
  7576 | Lair:1   | 7576 ||| Stepping ~*~*~tactically~*~*~ (cloud).
  7580 | Lair:1   | Killed a catoblepas
  7581 | Lair:1   | Reached XP level 12. HP: 58/60 MP: 12/17
  7837 | Lair:1   | 7837 ||| READING scroll of identify.
  7837 | Lair:1   | 7837 ||| IDENTIFYING fizzy orange potion
  7913 | Lair:2   | Found a staircase to the Shoals.
  7916 | Lair:2   | 7916 ||| RETREEEEATING.
  7919 | Lair:2   | 7919 ||| INVOKING Finesse.
  7925 | Lair:2   | Noticed a death yak
  7927 | Lair:2   | Killed a death yak
  8102 | Lair:2   | 8102 ||| RETREEEEATING.
  8103 | Lair:2   | 8103 ||| RETREEEEATING.
  8106 | Lair:2   | 8106 ||| RETREEEEATING.
  8107 | Lair:2   | 8107 ||| RETREEEEATING.
  8110 | Lair:2   | 8110 ||| RETREEEEATING.
  8111 | Lair:2   | 8111 ||| RETREEEEATING.
  8112 | Lair:2   | 8112 ||| RETREEEEATING.
  8113 | Lair:2   | 8113 ||| RETREEEEATING.
  8114 | Lair:2   | 8114 ||| RETREEEEATING.
  8260 | Lair:2   | Received a gift from Okawaru
  8307 | Lair:2   | 8307 ||| RETREEEEATING.
  8309 | Lair:2   | 8309 ||| RETREEEEATING.
  8390 | Lair:2   | 8390 ||| RETREEEEATING.
  8391 | Lair:2   | 8391 ||| RETREEEEATING.
  8393 | Lair:2   | 8393 ||| RETREEEEATING.
  8396 | Lair:2   | 8396 ||| RETREEEEATING.
  8397 | Lair:2   | 8397 ||| RETREEEEATING.
  8398 | Lair:2   | 8398 ||| RETREEEEATING.
  8399 | Lair:2   | 8399 ||| RETREEEEATING.
  8401 | Lair:2   | 8401 ||| INVOKING Finesse.
  8875 | Lair:3   | Reached skill level 9 in Invocations
  8890 | Lair:3   | Reached skill level 6 in Fighting
  8896 | Lair:3   | Received a gift from Okawaru
  9011 | Lair:3   | Found a hole to the Spider Nest.
  9038 | Lair:3   | 9038 ||| RETREEEEATING.
  9039 | Lair:3   | 9039 ||| RETREEEEATING.
  9040 | Lair:3   | 9040 ||| RETREEEEATING.
  9041 | Lair:3   | 9041 ||| RETREEEEATING.
  9042 | Lair:3   | 9042 ||| RETREEEEATING.
  9128 | Lair:3   | 9128 ||| INVOKING Finesse.
  9726 | Lair:4   | 9726 ||| RETREEEEATING.
  9733 | Lair:4   | Paralysed by a hornet for 3 turns
  9735 | Lair:4   | HP: 9/61 [hornet (9)]
  9736 | Lair:4   | 9736 ||| READING scroll of teleportation.
  9736 | Lair:4   | Succumbed to a hornet's poison

Levels and vault maps discovered:
D:1:      saegor_arrival_simple_e, layout_loops_ring
D:2:      layout_rooms, serial_bayou_ford_a, nicolae_the_louvre
D:3:      layout_basic, grunt_dithmenos_smoke_and_mirrors,
          mainiacjoe_overflow_chevrons, nemelex_altar_shiori, serial_shops,
          nicolae_shop_gibbet_a_chance
D:4:      layout_basic, serial_library_hellmonk_open_cross, uniq_sigmund,
          uniq_natasha
D:5:      layout_basic, kennysheep_windowed_goal, uniq_eustachio
D:6:      layout_loops_ring, fedhas_altar_3, tgw_trog,
          minmay_temple_entry_arrows
D:7:      layout_basic, okawaru_humans, general_overflow_altar,
          minmay_chambers_of_fives, uniq_prince_ribbit1
D:8:      minmay_the_grid_four_pointed_star
          [minmay_the_grid_triangle_9x9_warning,
          minmay_the_grid_triangle_9x9_wacky_v,
          minmay_the_grid_triangle_9x9_skeleton,
          minmay_the_grid_triangle_9x9_windchime,
          minmay_the_grid_prize_four_corners], layout_basic,
          makhleb_grotto_becter, minmay_ruffians, uniq_pikel
Temple:   minmay_freezing_vapour_temple
Lair:1:   layout_long_grid, uniq_sonja, uniq_erica
Lair:2:   layout_gridlike, minmay_shoals_entry_centaurs
Lair:3:   layout_gridlike, spider_nest_entry_funnel_web, minivault_25
Lair:4:   layout_cave_pods, special_room [special_room_bee],
          nicolae_volcano_entry_vermiform, dreamdust_wasp_nest

Skill      XL: |  1  2  3  4  5  6  7  8  9 10 11 12 |
---------------+-------------------------------------+-----
Dodging        | 3 4 6 7 10 12 14 16 | 16.7
Ranged Weapons | 5 7 8 9 11 12 13 14 | 14.0
Fighting       | 2 3 4 5 6 |  6.0
Invocations    | 4 6 9 |  9.9
Stealth        | |  1.5

Action                     |  1- 3 |  4- 6 |  7- 9 | 10-12 || total
---------------------------+-------+-------+-------+-------++-------
   Fire: Shortbow          |    81 |   185 |    46 |       ||   312
         Orcbow            |       |       |   370 |    53 ||   423
         Arbalest          |       |       |       |   311 ||   311
 Invoke: Heroism           |       |       |       |     7 ||     7
         Finesse           |       |       |       |     5 ||     5
  Evoke: Wand              |       |       |    10 |     6 ||    16
    Use: Scroll            |     4 |     2 |     6 |     9 ||    21
         Potion            |       |     2 |     1 |     3 ||     6
 Armour: Robe              |     4 |    39 |    53 |    61 ||   157
  Dodge: Dodged            |    28 |   103 |   206 |   355 ||   692

Table legend:
 A = Non-vault XP
 B = Vault XP
 C = Vault XP percentage of total XP
 D = Non-vault monster count
 E = Vault monster count
 F = Vault count percentage of total count
                 A         B        C        D         E       F
            +---------+---------+-------+---------+---------+-------
      Total |   24742 |   12631 |  33.8 |     256 |      47 |  15.5
            +---------+---------+-------+---------+---------+-------
        D:1 |      41 |       0 |   0.0 |      20 |       0 |   0.0
        D:2 |      69 |       0 |   0.0 |      17 |       0 |   0.0
        D:3 |     529 |       0 |   0.0 |      39 |       0 |   0.0
        D:4 |     542 |     274 |  33.6 |      25 |       2 |   7.4
        D:5 |     477 |     243 |  33.8 |      17 |       2 |  10.5
        D:6 |     808 |       0 |   0.0 |      16 |       0 |   0.0
        D:7 |     851 |    1832 |  68.3 |      16 |       8 |  33.3
        D:8 |     660 |    7674 |  92.1 |      15 |      27 |  64.3
     Lair:1 |    7580 |    1608 |  17.5 |      36 |       2 |   5.3
     Lair:2 |    7334 |     337 |   4.4 |      31 |       3 |   8.8
     Lair:3 |    5851 |     365 |   5.9 |      24 |       2 |   7.7
     Lair:4 |       0 |     298 | 100.0 |       0 |       1 | 100.0
            +---------+---------+-------+---------+---------+-------
